 Dungeon Crawl Stone Soup version bcrawl-1.36.4 (webtiles) character file.

Game seed: 3706574037849662270

276573 jojo4K the Chopper (level 8, -3/87 HPs)
             Began as a Human Berserker on Aug 16, 2022.
             Was a Priest of Trog.
             Slain by an orc warrior
             ... wielding the +8 rapier "Tesai" {speed, +Inv rPois rF- rC+ Dex+2}
              (17 damage)
             ... on level 4 of the Dungeon on Aug 17, 2022.
             The game lasted 00:10:15 (3661 turns).

jojo4K the Chopper (Human Berserker)                Turns: 3661, Time: 00:10:15

Health: -3/87      AC:  7    Str: 25    XL:     8   Next: 48%
Magic:  8/8        EV: 12    Int:  7    God:    Trog [***...]
Gold:   190        SH:  0    Dex: 13    Spells: 7/7 levels left

rFire    . . .     SeeInvis .   a - +0 hand axe
rCold    + . .     Gourm    .   (no shield)
rNeg     . . .     Faith    .   l - +0 scale mail
rPois    .         Spirit   .   (no helmet)
rElec    .         Reflect  .   (no cloak)
rCorr    .                      (no gloves)
MR       +++..                  (no boots)
Stlth    ..........             p - amulet of regeneration
HPRegen  1.58/turn              t - ring of protection from cold
MPRegen  0.11/turn              (no ring)

@: berserking (expiring), lethally poisoned (-3 -> -3), regenerating, very quick
A: no striking features
a: Berserk, Trog's Hand, Renounce Religion


You were on level 4 of the Dungeon.
You worshipped Trog.
Trog was most pleased with you.
You were not hungry.

You visited 1 branch of the dungeon, and saw 4 of its levels.

You collected 190 gold pieces.

Inventory:

Hand Weapons
 a - a +0 hand axe (weapon)
Armour
 b - a +0 animal skin
 h - a +0 ring mail
 l - a +0 scale mail (worn)
Jewellery
 p - an amulet of regeneration (around neck)
 t - a ring of protection from cold (left hand)
 u - an uncursed amulet of the acrobat
Wands
 m - a wand of polymorph (2)
 s - a wand of iceblast (5)
Scrolls
 f - 5 scrolls of fog {unknown}
 g - a scroll of immolation {unknown}
 i - a scroll of identify
 n - a scroll of amnesia {unknown}
 o - 2 scrolls of teleportation {unknown}
 q - 2 scrolls of enchant weapon {unknown}
 r - 3 scrolls of remove curse {unknown}
Potions
 c - 2 potions of ambrosia {unknown}
 d - a potion of degeneration {unknown}
 j - 2 potions of haste {unknown}
 k - 2 potions of lignification {unknown}
Comestibles
 e - 7 rations {!d}


   Skills:
 - Level 3.0 Fighting
 + Level 7.9 Axes
 * Level 6.3 Armour
 + Level 4.6 Dodging


You had 7 spell levels left.
You didn't know any spells.
Your spell library was empty.

Dungeon Overview and Level Annotations

Branches:
Dungeon (4/12)
 Temple: D:4-7

Altars:
Ashenzari
Elyvilon
Gozag
Lugonu
Nemelex Xobeh
Okawaru
Sif Muna
Trog
Wu Jian
Beogh


Message History

You hit the orc warrior but do no damage.
You hit the orc. The orc hits you but does no damage.
The orc warrior hits you with the +8 rapier "Tesai" {speed, +Inv rPois rF- rC+ Dex+2}!
* * * LOW HITPOINT WARNING * * *
Your Armour skill increases to level 6!
You slash the orc warrior!
The orc warrior is heavily wounded.
You closely miss the orc.
You feel the effects of Trog's Hand fading.
You hit the orc warrior.
The orc warrior is severely wounded.
You barely miss the orc.
You feel sick. The orc barely misses you. The orc warrior barely misses you.
You hit the orc warrior but do no damage.
The orc warrior is severely wounded.
You hit the orc.
You kill the orc!
Trog accepts your kill.
The orc warrior hits you with the +8 rapier "Tesai" {speed, +Inv rPois rF- rC+ Dex+2}!
You die...

....≈....≈.....8########......###
.#..............#.....8#.....##..
......≈≈........#..##..#.....##..
......≈≈........#..#8..#.....#...
............#...#..##..#.##.†#..#
#...≈....≈......#.#....#.##......
..............#.'.#...[#.##......
...............)).#.8._#..####...
......#<........@o#...[#.....#...
......##.......)#[#...o#.......##
....#.#.........#oo##o.#......###
...##.#.........#..#8..#....####(
...#..##........#..##.(#......#..
......#.........#.....8#......###
...............8########....####.
.<............................###
........###..............##...#⌠.


You could see an orc warrior and 2 orcs.

Vanquished Creatures
  The ghost of Lazarus1551 the Skirmisher, an amateur DrWn (D:4)
  2 sky beasts (D:4)
  An ogre (D:4)
  3 orc priests (D:4)
  A crimson imp (D:4)
  A hound (D:4)
  A bullfrog skeleton (D:4)
  2 iguanas (D:4)
  Ijyb (D:3)
  3 orc wizards
  A hound skeleton (D:4)
  2 adders
  4 gnolls (D:4)
  2 worms (D:2)
  2 dart slugs
  6 leopard geckos
  11 orcs
  3 giant cockroaches
  5 goblins
  8 hobgoblins
  6 jackals
  9 kobolds
  2 quokkas
  2 ball pythons (D:1)
  7 bats
  6 frilled lizards
  3 rats (D:1)
95 creatures vanquished.

Notes
Turn   | Place    | Note
-------+----------+-------------------------------------------
     0 | D:1      | jojo4K the Human Berserker began the quest for the Orb.
     0 | D:1      | Reached XP level 1. HP: 18/18 MP: 1/1
    82 | D:1      | Reached XP level 2. HP: 21/24 MP: 2/2
   113 | D:1      | Reached skill level 4 in Axes
   331 | D:1      | Reached XP level 3. HP: 18/29 MP: 3/3
   410 | D:1      | Reached ** piety under Trog
   953 | D:2      | Reached skill level 5 in Axes
  1027 | D:2      | Found an ornate altar of the Wu Jian Council.
  1082 | D:2      | Reached XP level 4. HP: 35/35 MP: 4/4
  1814 | D:3      | Reached XP level 5. HP: 33/41 MP: 5/5
  1821 | D:3      | Reached skill level 6 in Axes
  1918 | D:3      | Noticed Ijyb
  1936 | D:3      | Killed Ijyb
  2035 | D:3      | Found an opulent altar of Gozag.
  2523 | D:4      | Reached XP level 6. HP: 32/47 MP: 6/6
  2594 | D:4      | Noticed a sky beast
  2611 | D:4      | Killed a sky beast
  2694 | D:4      | Reached skill level 7 in Axes
  2708 | D:4      | Reached *** piety under Trog
  2709 | D:4      | Reached XP level 7. HP: 43/52 MP: 7/7
  3029 | D:4      | Found a runed translucent gate.
  3030 | D:4      | Found a runed translucent gate.
  3030 | D:4      | Identified the +8 rapier "Tesai" {speed, +Inv rPois rF- rC+
                  | Dex+2}
  3030 | D:4      | Identified the +6 plate armour of the Gate {rN+}
  3030 | D:4      | Identified the +5 chain mail of the Big Bang {+Fly Stlth+}
  3030 | D:4      | Noticed Lazarus1551's ghost (amateur DrWn)
  3031 | D:4      | Found a roughly hewn altar of Beogh.
  3031 | D:4      | Found a runed translucent gate.
  3182 | D:4      | Found a sparkling altar of Nemelex Xobeh.
  3190 | D:4      | Found a white marble altar of Elyvilon.
  3193 | D:4      | Found a corrupted altar of Lugonu.
  3240 | D:4      | Found a shattered altar of Ashenzari.
  3286 | D:4      | Found an iron altar of Okawaru.
  3307 | D:4      | Found a shimmering blue altar of Sif Muna.
  3417 | D:4      | Found a bloodstained altar of Trog.
  3491 | D:4      | Reached skill level 5 in Armour
  3491 | D:4      | Reached XP level 8. HP: 35/58 MP: 8/8
  3658 | D:4      | Killed Lazarus1551's ghost
  3661 | D:4      | Slain by an orc warrior

Skill      XL: |  1  2  3  4  5  6  7  8 |
---------------+-------------------------+-----
Axes           | 4 5 6 7 |  7.9
Armour         | 3 5 6 |  6.3
Dodging        | 3 4 |  4.6
Fighting       | |  3.0

Action                   |  1- 3 |  4- 6 |  7- 9 || total
-------------------------+-------+-------+-------++-------
Melee: Hand axe          |   115 |   111 |   119 ||   345
       Unarmed           |       |    11 |       ||    11
Invok: Berserk           |       |     2 |     4 ||     6
       Trog's Hand       |       |       |     1 ||     1
  Eat: Chunk             |     4 |     5 |     4 ||    13
       Ration            |       |     1 |     2 ||     3
Armor: Animal skin       |    19 |       |       ||    19
       Ring mail         |     9 |    17 |       ||    26
       Scale mail        |       |    25 |    58 ||    83
Dodge: Dodged            |    68 |    74 |    69 ||   211
